 Dungeon Crawl Stone Soup version 0.31-a0-358-gac0dbeb3ab (webtiles) character file.

Game seed: 17821079481822053142

1298 bobarctor the Magician (level 8, -9/52 HPs)
             Began as a Demonspawn Necromancer on July 25, 2023.
             Hit by a javelin thrown by a centaur (16 damage)
             ... in a bailey on July 26, 2023.
             The game lasted 00:26:58 (6776 turns).

bobarctor the Magician (Demonspawn Necromancer)     Turns: 6776, Time: 00:26:58

Health: -9/52      AC:  3    Str:  8    XL:     8   Next: 31%
Magic:  12/19      EV: 12    Int: 24    God:
Gold:   363        SH:  0    Dex: 15    Spells: 7/22 levels left

rFire   . . .        z - +4 mace
rCold   . . .        (no shield)
rNeg    . . .        a - +1 robe
rPois   .            (no helmet)
rElec   .            (no cloak)
rCorr   .            (gloves unavailable)
SInv    .            (no boots)
Will    .....        (no amulet)
Stlth   ++           j - ring of wizardry
HPRegen 0.28/turn    B - +6 ring of intelligence
MPRegen 0.16/turn

%: wizardry (x1)
@: no status effects
A: demonic touch 3
a: no special abilities


You were in a bailey.
You visited 1 branch of the dungeon, and saw 7 of its levels.
You also visited: Sewer and Bailey.

You collected 363 gold pieces.

Inventory:

Hand Weapons
 f - a +0 spear
 z - a +4 mace (weapon)
 E - a +1 flail of distortion
Missiles
 c - 57 stones
 i - 6 atropa-tipped darts
 r - 3 curare-tipped darts
Armour
 a - a +1 robe (worn)
 n - a +0 pair of gloves
 J - the +0 chain mail "Boaclik" {rPois rF+ Stlth+}
   (You found it on level 6 of the Dungeon)

   rF:        It protects you from fire.
   rPois:     It protects you from poison.
   Stlth:     It makes you more stealthy.
Jewellery
 h - a +6 ring of dexterity
 j - a ring of wizardry (left hand)
 B - a +6 ring of intelligence (right hand)
Talismans
 m - a serpent talisman
 u - a granite talisman
Wands
 A - a wand of digging (7)
Scrolls
 d - 2 scrolls of teleportation
 e - a scroll of silence
 k - 3 scrolls of enchant armour
 q - 2 scrolls of vulnerability
 v - a scroll of immolation
 y - a scroll of revelation
 D - a scroll of amnesia {unknown}
 G - a scroll of fog {unknown}
 H - a scroll of torment {unknown}
 I - a scroll of butterflies {unknown}
Potions
 b - 2 potions of magic
 g - 2 potions of attraction
 l - 3 potions of curing
 o - a potion of brilliance {unknown}
 p - 3 potions of berserk rage
 s - a potion of enlightenment {unknown}
 t - 2 potions of might
 C - a potion of ambrosia
 F - a potion of heal wounds {unknown}


   Skills:
 + Level 2.1 Dodging
 + Level 2.6 Stealth
 * Level 7.6 Spellcasting
 + Level 0.2 Hexes
 + Level 7.5 Necromancy


You had 7 spell levels left.
You knew the following spells:

 Your Spells              Type           Power      Damage    Failure   Level
a - Necrotise             Necr           100%       1d9       1%          1
b - Vampiric Draining     Necr           45%        2d9       1%          3
c - Tukima's Dance        Hex            10%        N/A       8%          3
d - Agony                 Necr           45%        N/A       3%          5
e - Hailstorm             Conj/Ice       9%         3d4       9%          3

Your spell library contained the following spells:

 Spells                   Type           Power      Damage    Failure   Level
 Animate Dead             Necr           45%        N/A       1%          4
 Portal Projectile        Hex/Tloc       18%        N/A       8%          3
 Frozen Ramparts          Ice            18%        1d3       9%          3
 Iskenderun's Mystic Bla  Conj/Tloc      9%         2d4       26%         4
 Petrify                  Tmut/Erth      9%         N/A       26%         4
 Summon Ice Beast         Ice/Summ       9%         N/A       26%         4
 Metabolic Englaciation   Hex/Ice        4%         N/A       54%         5
 Simulacrum               Ice/Necr       13%        N/A       61%         6


Dungeon Overview and Level Annotations

Branches:
Dungeon (7/15)             Temple (0/1) D:4           Sewer (visited)
 Bailey (1/1)

Altars:
Dithmenos
Fedhas
Hepliaklqana
Trog


Innate Abilities, Weirdness & Mutations

Your touch may irresistibly damage your foes and sap their willpower.


Message History

Aiming: Necrotise (safe; 1% risk of failure)
Press: ? - help, Q - select action, (/) - cycle Shift-Dir - straight line, f - orc
Aim: an orc, wielding a +0 spear and wearing a +0 scale mail (ally target, chance to affect: 93%)
The orc writhes in agony.
Aiming: Necrotise (safe; 1% risk of failure)
Press: ? - help, Q - select action, (/) - cycle Shift-Dir - straight line, f/p - orc
Aim: an orc, wielding a +0 spear and wearing a +0 scale mail (lightly wounded, ally target, chance to affect: 93%)
The orc writhes in agony.
The centaur throws a javelin.
The javelin pierces through you!
An orc comes into view. It is wielding a +0 trident.
The centaur throws a javelin.
The javelin pierces through you!
There is a gate leading back out of this place here.
There is a fountain of clear blue water here.
The centaur throws a javelin.
The javelin closely misses you.
An orc comes into view. It is wielding a +0 spear.
Okay, then.
Found 32 gold pieces.
Aiming: Necrotise (safe; 1% risk of failure)
Press: ? - help, Q - select action, (/) - cycle Shift-Dir - straight line, p - orc
Okay, then.
Found 19 gold pieces.
Aiming: Necrotise (safe; 1% risk of failure)
Press: ? - help, Q - select action, (/) - cycle Shift-Dir - straight line, p - orc
Okay, then.
Aiming: Necrotise (safe; 1% risk of failure)
Press: ? - help, Q - select action, (/) - cycle Shift-Dir - straight line, f - centaur, p - orc
Aim: a centaur, wielding a +0 spear, wearing a +0 scale mail and quivering javelins (chance to affect: 83%)
The centaur writhes in agony.
The centaur throws a javelin.
The javelin pierces through you!
The centaur throws a javelin.
The javelin pierces through you!
* * * LOW HITPOINT WARNING * * *
The centaur throws a javelin.
The javelin closely misses you. The orc misses you.
You swap places.
The orc hits you from afar with a +0 spear.
* * * LOW HITPOINT WARNING * * *
You swap places.
The centaur throws a javelin.
The javelin completely misses you.
The centaur throws a javelin.
The javelin pierces through you!
You die...

##########+####
#####...o.o......≈#
#....≈≈≈≈≈≈≈≈≈...≈#
.⌠.≈≈≈..)o...≈≈..≈##
..≈≈..≈≈≈≈≈≈≈.c..≈≈##
.≈≈.≈≈≈@...Z≈≈≈...≈≈##
.≈.≈≈.)≈≈≈≈≈.Z≈≈..⌠≈≈#
≈≈.≈.≈≈≈...≈≈≈.≈≈.$≈≈#
≈.≈≈)≈..⌠.⌠Z.≈≈.≈..$≈#
≈...)≈..∩∩∩.....≈...≈#
≈.≈≈.≈..⌠.⌠..≈≈.≈..$≈#
≈≈.≈.≈≈≈...≈≈≈.≈≈.$≈≈#
.≈.≈≈..≈≈≈≈≈..≈≈o.⌠≈≈#
.≈≈.≈≈≈.....≈≈≈...≈≈##


You could see a centaur, 3 orcs and 3 friendly orc skeletons.

Vanquished Creatures
  2 water moccasins
  A black bear (D:6)
  An ogre (D:5)
  3 phantoms
  2 scorpions
  A howler monkey (D:5)
  A gnoll bouda (D:5)
  2 hounds (D:5)
  3 iguanas
  3 sleepcaps
  3 orc wizards
  4 gnolls (D:5)
  3 adders
  A shadow imp (D:5)
  A white imp (D:7)
  2 dart slugs
  2 worms (D:4)
  16 orcs
  8 endoplasms
  6 giant cockroaches
  13 goblins
  2 hobgoblins
  7 jackals
  4 ball pythons
  9 bats
  6 frilled lizards
  2 kobolds (D:4)
  4 rats
112 creatures vanquished.

Vanquished Creatures (collateral kills)
  2 orcs (D:6)
  A ball python (D:1)
  2 bats (Sewer)
  A rat (D:1)
6 creatures vanquished.

Grand Total: 118 creatures vanquished

Notes
Turn   | Place    | Note
-------+----------+-------------------------------------------
     0 | D:1      | bobarctor the Demonspawn Necromancer began the quest for
                  | the Orb.
     0 | D:1      | Reached XP level 1. HP: 13/13 MP: 3/3
   291 | D:1      | Found a faded altar of an unknown god.
   514 | D:1      | Gained mutation: Your touch may inflict minor irresistible
                  | damage on your foes. [demonic ancestry]
   514 | D:1      | Reached XP level 2. HP: 19/19 MP: 0/5
  1024 | D:2      | Reached skill level 5 in Necromancy
  2040 | D:3      | Reached XP level 3. HP: 24/24 MP: 1/6
  2129 | D:3      | You fall into a shaft and drop 1 floor!
  2187 | D:4      | Found a blossoming altar of Fedhas.
  2311 | D:4      | Noticed a phantom
  2332 | D:4      | Killed a phantom
  2333 | D:4      | Reached XP level 4. HP: 23/30 MP: 6/9
  2429 | D:4      | Found a staircase to the Ecumenical Temple.
  2571 | D:3      | Found a glowing drain.
  2575 | Sewer    | Entered a sewer
  2623 | Sewer    | Noticed a water moccasin
  2631 | Sewer    | Learned a level 3 spell: Vampiric Draining
  2636 | Sewer    | Learned a level 3 spell: Tukima's Dance
  2651 | Sewer    | Killed a water moccasin
  2652 | Sewer    | Reached XP level 5. HP: 31/35 MP: 0/11
  3016 | D:3      | Gained mutation: Your touch may inflict irresistible damage
                  | on your foes. [demonic ancestry]
  3016 | D:3      | Reached XP level 6. HP: 38/41 MP: 1/13
  3124 | D:3      | Learned a level 5 spell: Agony
  3204 | D:3      | Found a bloodstained altar of Trog.
  3222 | D:3      | Found a shadowy altar of Dithmenos.
  4260 | D:4      | Reached skill level 5 in Spellcasting
  4446 | D:5      | Entered Level 5 of the Dungeon
  4561 | D:5      | Found a hazy altar of Hepliaklqana.
  4599 | D:5      | Reached XP level 7. HP: 46/46 MP: 4/15
  5358 | D:5      | Learned a level 3 spell: Hailstorm
  5392 | D:5      | Gained mutation: Your touch may irresistibly damage your
                  | foes and sap their willpower. [demonic ancestry]
  5392 | D:5      | Reached XP level 8. HP: 52/52 MP: 14/18
  6445 | D:6      | Identified the +0 chain mail "Boaclik" {rPois rF+ Stlth+}
  6737 | D:7      | Found a flagged portal.
  6742 | Bailey   | Entered a bailey
  6776 | Bailey   | Hit by a javelin thrown by a centaur

Illustrated notes

Levels and vault maps discovered:
D:1:      lightli_arrival_flooded_house, layout_basic,
          hellmonk_ecumenical_altar_run_dry, serial_forest,
          infiniplex_forest_split, infiniplex_forest_clump_curved,
          infiniplex_forest_lined_3, infiniplex_forest_lined_2
D:2:      layout_loops_corners, st_stairs_3
D:3:      layout_loops_ring, grunt_temple_overflow_open,
          mainiacjoe_overflow_alcove_4, gup_sewer_entry_bowl,
          grunt_decor_arrowhead, minmay_quantized
D:4:      layout_loops_corners, amcnicky_altar_gilded,
          minmay_temple_entry_drinking_statues
D:5:      layout_rooms, mainiacjoe_overflow_catwalk
D:6:      layout_basic, minivault_5
D:7:      layout_gridville, enter_bailey_3, minmay_manual_macuahuitl
Bailey:   bailey_polearm_flooded_kennysheep, bailey

Skill      XL: |  1  2  3  4  5  6  7  8 |
---------------+-------------------------+-----
Necromancy     | 5 6 7 |  7.5
Spellcasting   | 3 4 5 7 |  7.6
Stealth        | 2 |  2.6
Dodging        | 2 |  2.1
Hexes          | |  0.2

Action                     |  1- 3 |  4- 6 |  7- 9 || total
---------------------------+-------+-------+-------++-------
  Melee: Spear             |    14 |    12 |     9 ||    35
         Touch             |     4 |     2 |    12 ||    18
         Mace              |       |       |    60 ||    60
         Punch             |       |       |     2 ||     2
  Throw: Stone             |       |       |     3 ||     3
   Cast: Necrotise         |    50 |    86 |    55 ||   191
         Vampiric Draining |       |     4 |     8 ||    12
         Hailstorm         |       |       |     1 ||     1
         Tukima's Dance    |       |       |     2 ||     2
    Use: Scroll            |     4 |     2 |     7 ||    13
   Stab: Sleeping          |     1 |       |     1 ||     2
 Armour: Robe              |     6 |     9 |    16 ||    31
  Dodge: Dodged            |    13 |    12 |    67 ||    92

Table legend: (Time is in decaauts)
 A = Elapsed time spent in this place.
 B = Non-inter-level travel time spent in this place.
 C = Inter-level travel time spent in this place.
 D = Time resting spent in this place.
 E = Time spent auto-exploring this place.
 F = Levels seen in this place.
 G = Mean time per level.
                   A        B        C        D        E       F      G
               +--------+--------+--------+--------+--------+-----+--------+
         Total |   6813 |   6639 |    174 |    681 |   4691 |   9 |  757.0 |
       Dungeon |   6568 |   6394 |    174 |    579 |   4652 |   7 |  938.3 |
         Sewer |    211 |    211 |      0 |    102 |     39 |   1 |  211.0 |
        Bailey |     33 |     33 |      0 |      0 |      0 |   1 |   33.0 |
               +--------+--------+--------+--------+--------+-----+--------+

Top non-repeatable levels by time:
     D:4: 1128 daAuts
     D:5: 1105 daAuts
     D:3: 1104 daAuts
     D:2: 1065 daAuts
     D:6: 1030 daAuts
     D:1: 974 daAuts
   Sewer: 211 daAuts
     D:7: 159 daAuts
  Bailey: 33 daAuts
